 Dungeon Crawl Stone Soup version 0.30.1-11-g7821555f0a (webtiles) character file.

Game seed: 16675508319062810764

2010 porpoise the Skirmisher (level 9, -1/53 (57) HPs)
             Began as a Tengu Hunter on Jan 3, 2024.
             Slain by a wight
             ... wielding a +0 trident
              (7 damage)
             ... on level 6 of the Dungeon.
             The game lasted 00:15:43 (5840 turns).

porpoise the Skirmisher (Tengu Hunter)              Turns: 5840, Time: 00:15:44

HP:   -1/53 (57)    AC:  4    Str: 11    XL:     9   Next: 22%
MP:   4/10          EV: 15    Int: 11    God:
Gold: 309           SH:  0    Dex: 21    Spells: 8/8 levels left

rFire   . . .        b - +3 hand axe (venom)
rCold   . . .        (no shield)
rNeg    . . .        A - +1 leather armour {rPois}
rPois   +            (helmet restricted)
rElec   .            (no cloak)
rCorr   .            (no gloves)
SInv    .            (boots unavailable)
Will    .....        (no amulet)
Stlth   ++           (no ring)
HPRegen 0.28/turn    (no ring)
MPRegen 0.12/turn

%: no passive effects
@: flying quickly and evasively, drained, quick
A: beak, talons 3, nimble flight
a: no special abilities


You were on level 6 of the Dungeon.
You visited 1 branch of the dungeon, and saw 6 of its levels.

You collected 309 gold pieces.

Inventory:

Hand Weapons
 a - a +0 shortbow
 b - a +3 hand axe of venom (weapon)
 m - a +0 falchion
Missiles
 l - 6 poisoned darts
 o - 2 throwing nets
 w - 6 curare-tipped darts
Armour
 i - a +1 robe of positive energy
 A - a +1 leather armour of poison resistance (worn)
Jewellery
 t - an amulet of the acrobat
 y - a ring of protection from cold
Wands
 h - a wand of roots (1)
Scrolls
 e - 2 scrolls of fog
 g - a scroll of magic mapping {unknown}
 j - a scroll of silence {unknown}
 k - 4 scrolls of teleportation
 n - a scroll of butterflies {unknown}
 p - 2 scrolls of fear {unknown}
 r - 3 scrolls of noise
 s - a scroll of immolation
Potions
 c - a potion of haste
 d - a potion of brilliance
 f - a potion of lignification
 q - a potion of mutation {unknown}
 u - a potion of might {unknown}
 v - 3 potions of curing
 x - a potion of heal wounds
 z - a potion of resistance {unknown}
 B - a potion of flight {unknown}


   Skills:
 - Level 7.0 Fighting
 - Level 6.0 Axes
 * Level 9.4 Ranged Weapons
 + Level 2.0 Armour
 - Level 2.2 Dodging
 - Level 1.0 Stealth


You had 8 spell levels left.
You didn't know any spells.
Your spell library contained the following spells:

 Spells                   Type           Power      Damage    Failure   Level
 Apportation              Tloc           0%         N/A       43%         1
 Magic Dart               Conj           0%         1d3       43%         1
 Necrotise                Necr           0%         1d4       43%         1
 Summon Small Mammal      Summ           0%         N/A       43%         1
 Call Imp                 Summ           0%         N/A       56%         2
 Mephitic Cloud           Conj/Pois/Air  0%         N/A       80%         3


Dungeon Overview and Level Annotations

Branches:
Dungeon (6/15)
 Temple: D:4-7

Altars:
Ashenzari
Nemelex Xobeh
Ru
Sif Muna
Trog
Uskayaw
Vehumet
Zin

Shops:
D:2 =   D:4 *   D:6 :


Innate Abilities, Weirdness & Mutations

You have a beak for a mouth.
You have claws for feet.
Your magical nature lets you fly swiftly and evasively.


Message History

You barely miss the orc. You claw the orc. Your punch misses the orc.
The orc is heavily wounded.
The wight hits you from afar with a +0 trident.
The orc barely misses you.
You hit the orc.
The orc is poisoned.
Your kick misses the orc.
The orc is severely wounded.
The wight misses you. The orc hits you with a +0 short sword.
You closely miss the orc. Your kick misses the orc.
The orc is almost dead.
You kill the orc!
An adder comes into view.
The wight closely misses you.
Found a book of Blood.
The wight misses you.
Items here: ))))) [[[[ †.
The adder hisses angrily.
You hit the wight but do no damage. You slash the wight! You claw the wight.
The wight is severely damaged.
You hit the wight but do no damage. The wight misses you.
The wight completely misses you.
You barely miss the wight. You peck the wight, but do no damage.
You hit the wight but do no damage. The wight closely misses you.
The wight hits you with a +1 antimagic battleaxe.
You hit the wight.
The wight is lightly damaged.
You hit the wight. The wight completely misses you.
The wight barely misses you.
You hit the wight but do no damage. You claw the wight, but do no damage.
You peck the wight.
The wight is moderately damaged.
You hit the wight. The wight misses you.
The wight hits you with a +1 antimagic battleaxe!
* * * LOW HITPOINT WARNING * * *
You feel drained.
* * * LOW HITPOINT WARNING * * *
You feel your power leaking away.
You hit the wight but do no damage. You claw the wight, but do no damage.
The wight is moderately damaged.
You hit the wight but do no damage. The wight hits you with a +0 trident!
You die...

#....# #..>##
######...#⌠.
8........#.>.
.........#⌠..#
..<...8#.##...#
.........# #..⌠###
....∩....# #:.zz#
##.......# #@#
#8...>..#######.#####
###.................#
#.[..8###########.#
#..........#
#..#######.# #..# #.#
#..# #.# ####
##.#####..


You could see 2 wights.

Vanquished Creatures
  Grinder (D:3)
  Menkaure (D:6)
  2 water moccasins (D:5)
  A black bear (D:6)
  A sky beast (D:5)
  A phantom (D:4)
  4 scorpions
  2 wights (D:6)
  6 hounds
  3 orc priests
  3 sleepcaps
  4 iguanas
  3 orc wizards
  Robin (D:3)
  A gnoll (D:3)
  10 adders
  11 river rats (D:6)
  A shadow imp (D:6)
  A white imp (D:5)
  3 worms
  2 dart slugs
  12 orcs
  6 ball pythons
  6 endoplasms
  2 giant cockroaches (D:1)
  11 goblins
  8 hobgoblins
  3 jackals (D:1)
  15 quokkas
  5 bats
  3 frilled lizards
  6 kobolds
  22 rats
161 creatures vanquished.

Notes
Turn   | Place    | Note
-------+----------+-------------------------------------------
     0 | D:1      | porpoise the Tengu Hunter began the quest for the Orb.
     0 | D:1      | Reached XP level 1. HP: 12/12 MP: 2/2
   155 | D:1      | You fall into a shaft and drop 1 floor!
   163 | D:2      | Reached XP level 2. HP: 13/17 MP: 3/3
   213 | D:2      | Found Ledytou's Jewellery Shop.
   277 | D:2      | Reached skill level 5 in Ranged Weapons
   335 | D:1      | Reached XP level 3. HP: 22/22 MP: 4/4
   941 | D:2      | Reached XP level 4. HP: 27/27 MP: 5/5
  1585 | D:2      | Noticed a scorpion
  1593 | D:2      | Killed a scorpion
  1594 | D:2      | Reached skill level 1 in Axes
  1594 | D:2      | Gained mutation: Your magical nature lets you fly swiftly
                  | and evasively. [Tengu growth]
  1594 | D:2      | Reached XP level 5. HP: 15/32 MP: 6/6
  1826 | D:3      | Reached skill level 6 in Ranged Weapons
  1931 | D:3      | Noticed Grinder
  2273 | D:3      | Paralysed by Grinder for 4 turns
  2282 | D:3      | Killed Grinder
  2283 | D:3      | Reached XP level 6. HP: 35/38 MP: 7/7
  2504 | D:3      | Reached XP level 7. HP: 35/44 MP: 8/8
  2677 | D:3      | Noticed Robin
  2682 | D:3      | Killed Robin
  2940 | D:4      | Reached skill level 7 in Ranged Weapons
  3140 | D:4      | Found Oryschour's Fire Supplies.
  3169 | D:4      | Reached skill level 5 in Fighting
  3462 | D:5      | Entered Level 5 of the Dungeon
  3781 | D:5      | Reached XP level 8. HP: 18/49 MP: 9/9
  3935 | D:5      | Found a glowing silver altar of Zin.
  3936 | D:5      | Found a radiant altar of Vehumet.
  4061 | D:5      | Found a bloodstained altar of Trog.
  4063 | D:5      | Found a sacrificial altar of Ru.
  4068 | D:5      | Found a hide-covered altar of Uskayaw.
  4070 | D:5      | Found a shimmering blue altar of Sif Muna.
  4074 | D:5      | Found a broken altar of Ashenzari.
  4205 | D:5      | Reached skill level 5 in Axes
  4360 | D:5      | Reached skill level 8 in Ranged Weapons
  4627 | D:6      | Noticed Menkaure
  4969 | D:6      | Found a sparkling altar of Nemelex Xobeh.
  5029 | D:6      | Killed Menkaure
  5305 | D:6      | Reached XP level 9. HP: 56/56 MP: 10/10
  5334 | D:6      | Reached skill level 9 in Ranged Weapons
  5352 | D:6      | Reached skill level 1 in Armour
  5756 | D:6      | Found Hiaciukh's Book Emporium.
  5840 | D:6      | Slain by a wight

Illustrated notes

Levels and vault maps discovered:
D:1:      psy_arrival_dodecagon, layout_basic
D:2:      layout_basic, serial_shops, nicolae_shop_gaudy_bauble,
          minmay_pentomino_z2
D:3:      layout_rooms, serial_corexii_hall, corexii_hall_statues_i,
          corexii_hall_statues_l, cheibrodos_gnoll_hut, uniq_grinder, uniq_robin
D:4:      layout_cave_pools, chequers_serial_rivers_room_a,
          nicolae_shop_fire_sale [nicolae_sub_dead_trees]
D:5:      layout_loops_ring, nicolae_overflow_hallway_of_the_gods,
          bh_walls_and_bars
D:6:      lemuel_ratsnest, layout_loops_ring, mainiacjoe_overflow_cross_hatched,
          serial_shops, nicolae_stop_n_shop_1, grunt_ministairs_8, uniq_menkaure

Skill      XL: |  1  2  3  4  5  6  7  8  9 |
---------------+----------------------------+-----
Ranged Weapons | 5 6 7 8 9 |  9.4
Fighting       | 3 4 5 6 7 |  7.0
Axes           | 1 3 4 6 |  6.0
Armour         | 2 |  2.0
Dodging        | |  2.2
Stealth        | |  1.0

Action                     |  1- 3 |  4- 6 |  7- 9 || total
---------------------------+-------+-------+-------++-------
  Melee: Hand axe          |       |    38 |   127 ||   165
         Kick              |       |    11 |    41 ||    52
         Peck              |       |     4 |    30 ||    34
         Punch             |       |     1 |     1 ||     2
   Fire: Shortbow          |    86 |    45 |   216 ||   347
    Use: Scroll            |     1 |     4 |     3 ||     8
         Potion            |       |     1 |     1 ||     2
   Stab: Sleeping          |       |       |     1 ||     1
 Armour: Robe              |     8 |     2 |    12 ||    22
         Leather armour    |       |       |     8 ||     8
  Dodge: Dodged            |    27 |    39 |   118 ||   184
